 Dungeon Crawl Stone Soup version 0.17-a0-119-g2b06fc5 (webtiles) character file.

74 aerikr the Skirmisher (level 4, 0/41 HPs)
             Began as a Hill Orc Fighter on Mar 21, 2015.
             Was a Follower of Cheibriados.
             Killed by divine providence
             ... invoked by an orc priest
              (15 damage)
             ... on level 3 of the Dungeon.
             The game lasted 00:09:59 (1527 turns).

aerikr the Skirmisher (Hill Orc Fighter)            Turns: 1527, Time: 00:10:00

Health: 0/41       AC:  9    Str: 25    XL:     4   Next: 30%
Magic:  4/4        EV:  8    Int: 10    God:    Cheibriados [*.....]
Gold:   66         SH: 10    Dex: 12    Spells: 0 memorised, 3 levels left

rFire  . . .     SeeInvis .     a - +0 long sword
rCold  . . .     Clarity  .     b - +0 scale mail
rNeg   . . .     SustAb   .     c - +0 shield
rPois  .         Gourm    .     q - +0 helmet
rElec  .         Spirit   .     l - +0 cloak
rCorr  .         Warding  .     (no gloves)
rMut   .         Stasis   .     (no boots)
MR     .....                    (no amulet)
Stlth  ..........               (no ring)
                                m - +4 ring of strength

@: very slow, not resistant to hostile enchantments, extremely unstealthy
A: no striking features
a: Bend Time, Renounce Religion, Convert to Beogh


You were on level 3 of the Dungeon.
You worshipped Cheibriados.
Cheibriados was aware of your devotion.
You were not hungry.

You visited 1 branch of the dungeon, and saw 3 of its levels.

You collected 66 gold pieces.

Inventory:

Hand weapons
 a - a +0 long sword (weapon)
Armour
 b - a +0 scale mail (worn)
 c - a +0 shield (worn)
 l - a +0 cloak (worn)
 q - a +0 helmet (worn)
Jewellery
 m - a +4 ring of strength (left hand)
Scrolls
 h - a scroll of enchant armour {unknown}
 i - a scroll of recharging {unknown}
 j - 3 scrolls of identify {unknown}
 k - a scroll of magic mapping {unknown}
 o - a scroll of amnesia {unknown}
Potions
 e - a potion of might
 f - a potion of flight {unknown}
 n - a potion of invisibility {unknown}
 p - a potion of restore abilities {unknown}
 r - a potion of ambrosia {unknown}
 s - a potion of heal wounds {unknown}
Comestibles
 d - a meat ration
 g - a slice of pizza


   Skills:
 + Level 4.7 Fighting
 - Level 2.1 Long Blades
 + Level 4.3 Armour
 + Level 1.0 Dodging
 - Level 3.2 Shields


You had 3 spell levels left.
You didn't know any spells.

Dungeon Overview and Level Annotations

Branches:
Dungeon (3/15)

Altars:
Cheibriados
Elyvilon


Message History

Deactivating autopickup; reactivate with Ctrl-A.
The kobold moves out of view.
You block the jackal's attack.
The jackal bites you but does no damage.
You closely miss the jackal. You block the jackal's attack.
You block the jackal's attack. x2
The jackal bites you but does no damage.
The orc priest mumbles some strange prayers to Beogh against you.
Something smites you!
You hit the jackal but do no damage. You block the jackal's attack.
The jackal bites you.
The jackal bites you but does no damage. x2
You hit the jackal!
You kill the jackal!
Cheibriados thoroughly appreciates the change of pace.
You block the jackal's attack.
The jackal bites you but does no damage.
The jackal barely misses you.
The orc priest calls down the wrath of Beogh upon you.
Something smites you!
You die...

.................. .
..................# #
...................##...
..................... #
......oK.(.........#####
#..?..h{o# #.....#......
#h# #............ ###h#
#.....###.... ##..@#
#########.### ##..###
#...... #...#
#########......
#...####..............
#...#....#######......
#.....#### #......
#...### #..>... #...#
#...... #...# ##.....


You could see an orc priest, an orc wizard, 3 jackals and a kobold.

Vanquished Creatures
  2 adders
  A worm (D:2)
  2 giant geckos (D:2)
  6 orcs (D:3)
  9 goblins
  5 hobgoblins
  A jackal (D:3)
  2 kobolds (D:3)
  8 bats
  4 giant newts
  4 rats
44 creatures vanquished.

Notes
Turn   | Place    | Note
--------------------------------------------------------------
     0 | D:1      | aerikr, the Hill Orc Fighter, began the quest for the Orb.
     0 | D:1      | Reached XP level 1. HP: 19/19 MP: 1/1
   101 | D:1      | Reached XP level 2. HP: 24/27 MP: 2/2
   205 | D:1      | Reached skill level 4 in Fighting
   603 | D:2      | Reached XP level 3. HP: 29/34 MP: 3/3
   699 | D:2      | Found a snail-covered altar of Cheibriados.
   715 | D:2      | Became a worshipper of Cheibriados the Contemplative
  1302 | D:3      | Found a white marble altar of Elyvilon.
  1323 | D:3      | Reached skill level 1 in Dodging
  1323 | D:3      | Reached XP level 4. HP: 34/41 MP: 4/4
  1517 | D:3      | Acquired Cheibriados' first power
  1527 | D:3      | Killed from afar by an orc priest

Action                   |  1- 3 |  4- 6 || total
-------------------------+-------+-------++-------
Melee: Long sword        |    96 |    19 ||   115
  Eat: Meat ration       |     1 |       ||     1
